 Dungeon Sprint DCSS version 0.19.1-1-g22dce08 (webtiles) character file.

157859 dvd the Shatterer (level 16, -17/292 HPs)
             Began as a Troll Berserker on Jan 6, 2017.
             Was a High Priest of Trog.
             Demolished by Mennas
             ... wielding a +5 sacred scourge of holy wrath
              (24 damage)
             ... in the Dungeon (Sprint III: "The Ten Rune Challenge").
             The game lasted 01:18:31 (6734 turns).

dvd the Shatterer (Troll Berserker)                 Turns: 6734, Time: 01:18:32

Health: -17/292    AC: 20    Str: 34    XL:     16   Next: 12%
Magic:  15/16      EV: 19    Int:  4    God:    Trog [*****.]
Gold:   1857       SH:  6    Dex: 14    Spells: 0 memorised, 15 levels left

rFire  + + .     SeeInvis .     J - +8 giant club of Sloth {crush, +Inv rElec Dex-4 Stlth+}
rCold  . . .     Gourm    +     S - +4 mottled dragon scales "Santueh" {rF+ MR++ Slay+3}
rNeg   . . .     Faith    .     (shield currently unavailable)
rPois  .         Spirit   .     B - +2 hat
rElec  +         Reflect  +     O - +1 cloak
rCorr  +         Harm     .     (gloves unavailable)
MR     +++..     NoTele   +     (boots unavailable)
Stlth  ..........               Q - +6 amulet of reflection
                                m - +5 ring of dexterity
                                C - ring of resist corrosion

@: berserking (expiring), contaminated, starving, hasted, glowing, silenced,
very quick
A: unfitting armour, claws 3, fire resistance 1, fast metabolism 3, gourmand,
mutation resistance 1, regeneration 1, shaggy fur 1, tough skin 2, MP-powered
wands
a: Renounce Religion, Evoke Invisibility
}: 3/10 runes: decaying, barnacled, silver


You were in the Dungeon.
You worshipped Trog.
Trog was extremely pleased with you.
You were starving.

You visited 1 branch You collected 5141 gold pieces.
You spent 3284 gold pieces at shops.

Inventory:

Hand Weapons
 b - a +7 antimagic battleaxe
 d - the +1 flail "Grim" {vamp, rN+}
   (Trog gifted it to you in the Dungeon)

   It inflicts no extra harm, but heals its wielder when it wounds a living foe.
   It protects you from negative energy.
 e - the +7 giant club of Anguish {elec, rElec}
   (Trog gifted it to you in the Dungeon)

   Occasionally, upon striking a foe, it will discharge some electrical energy
   and cause terrible harm.
   It insulates you from electricity.
 h - the +8 giant club "Mud Pie of Death" {drain, *Rage rPois rN+ MR+}
   (You found it in the Dungeon)

   A truly terrible weapon, it drains the life of those it strikes.
   It protects you from poison.
   It protects you from negative energy.
   It affects your resistance to hostile enchantments.
   It may make you go berserk in combat.
 s - a +4 executioner's axe of flaming
 w - a +4 longbow of flaming
 x - the +9 giant spiked club of Hatred {speed, Int+3 Stlth+}
   (Trog gifted it to you in the Dungeon)

   Attacks with this weapon are significantly faster.
   It affects your intelligence (+3).
   It makes you more stealthy.
 y - the +6 broad axe "Xielliqo" {antimagic, rF+ MR+}
   (You took it off a skeletal warrior in the Dungeon)

   It reduces the magical energy of the wielder, and disrupts the spells and
   magical abilities of those hit.
   Natural abilities and divine invocations are not affected.
   It protects you from fire.
   It affects your resistance to hostile enchantments.
 A - the +5 dire flail of a labyrinth {crush, Stlth+}
   (Trog gifted it to you in the Dungeon)

   It inflicts extra damage upon your enemies.
   It makes you more stealthy.
 J - the +8 giant club of Sloth (weapon) {crush, +Inv rElec Dex-4 Stlth+}
   (Trog gifted it to you in the Dungeon)

   It inflicts extra damage upon your enemies.
   It affects your dexterity (-4).
   It insulates you from electricity.
   It lets you turn invisible.
   It makes you more stealthy.
 L - the +5 giant club of Gamong {flame, Str+2}
   (Trog gifted it to you in the Dungeon)

   It has been specially enchanted to burn those struck by it, causing extra
   injury to most foes and up to half again as much damage against particularly
   susceptible opponents.
   It affects your strength (+2).
 P - the +3 giant spiked club of Coash {crush, *Drain rPois rC+ Stlth+}
   (You found it in the Dungeon)

   It inflicts extra damage upon your enemies.
   It protects you from cold.
   It protects you from poison.
   It causes draining when unequipped.
   It makes you more stealthy.
 R - a +8 antimagic great sword
Missiles
 f - 7 steel tomahawks
 i - 6 javelins of returning
 j - 10 javelins
 l - 3 tomahawks
 z - 166 arrows
 E - 20 large rocks
 V - 2 large rocks of returning (quivered)
Armour
 B - a +2 hat (worn)
 O - a +1 cloak (worn)
 S - the +4 mottled dragon scales "Santueh" (worn) {rF+ MR++ Slay+3}
   (You bought it in a shop in the Dungeon)

   It affects your accuracy and damage with ranged weapons and melee attacks
   (+3).
   It protects you from fire.
   It affects your resistance to hostile enchantments.
Jewellery
 k - an uncursed ring of positive energy
 m - a +5 ring of dexterity (right claw)
 r - an uncursed ring of stealth
 t - a +4 ring of dexterity
 v - an uncursed ring of flight
 C - a ring of resist corrosion (left claw)
 Q - a +6 amulet of reflection (around neck)
 W - an uncursed ring of ice
 X - an uncursed ring of protection from fire
 Z - a +4 ring of evasion
Wands
 q - a wand of iceblast (6/15)
 K - a wand of hasting (3/9)
 M - a wand of paralysis (15/24)
 N - a wand of disintegration (11/24)
Scrolls
 n - 5 scrolls of remove curse
 Y - a scroll of acquirement
Potions
 g - 2 potions of magic
 o - 2 potions of cure mutation
 p - 5 potions of flight
 U - 2 potions of haste
Miscellaneous
 u - a sack of spiders
Comestibles
 a - 22 royal jellies
 c - 4 bread rations
 I - 7 fruits


   Skills:
 + Level 20.6 Fighting
 + Level 10.2 Long Blades
 + Level 1.6(16.8) Axes
 + Level 26.0 Maces & Flails
 + Level 2.7 Bows
 + Level 11.7 Throwing
 + Level 10.0 Armour
 + Level 15.0 Dodging
 + Level 7.4 Stealth
 + Level 1.6 Evocations


You had 15 spell levels left.
You didn't know any spells.

Dungeon Overview and Level Annotations

Branches:
Dungeon (1/1)

Altars:
Cheibriados
Dithmenos
Elyvilon
Fedhas
Gozag
Hepliaklqana
Kikubaaqudgha
Makhleb
Nemelex Xobeh
Okawaru
Qazlal
Ru
Sif Muna
Trog
Uskayaw
Vehumet
Xom
Yredelemnul
Zin
The Shining One
Beogh
Jiyva
Lugonu

Shops:
D %[}%}((!%(:[=??[(}*

Annotations:
D Mennas, Nikola


Innate Abilities, Weirdness & Mutations

You are too large for most types of armour.
You have claws for hands.
Your metabolism is lightning-fast.
You like to eat raw meat.
Your natural rate of healing is unusually fast.
You are covered in fur. (AC +1)
You have very tough skin. (AC +2)
Your flesh is heat resistant. (rF+)
You are somewhat resistant to further mutation.
You expend magic power (3 MP) to strengthen your wands.


Message History

Mennas gestures at you.
Mennas hits you with a sacred scourge of holy wrath.
* * * LOW HITPOINT WARNING * * *
Mennas hits you with a sacred scourge of holy wrath.
* * * LOW HITPOINT WARNING * * *
Mennas blocks your iron troll's attack.
Your iron troll claws Mennas!!
Mennas blocks your iron troll's attack.
You barely miss Mennas.
Mennas is heavily wounded.
Mennas hits you with a sacred scourge of holy wrath!!
* * * LOW HITPOINT WARNING * * *
Mennas completely misses you.
You bludgeon Mennas!!
Mennas is severely wounded.
Your iron troll completely misses Mennas.
Mennas blocks your iron troll's attack.
Your iron troll barely misses Mennas.
You bludgeon Mennas!!
Mennas is almost dead.
Mennas hits you with a sacred scourge of holy wrath!!
You die...

Z...## #.≈≈P≈#.#[#.#.#[#[#.#.#[#
....P###)..P≈#.▓'▓▓▓▓▓▓▓▓▓▓▓▓▓▓▓
.....P.........▓^.#
.....#####§§≈#.▓.^#
....##.(.##.≈#.▓..#
...###.#..##'##▓^.#
#'####.##.##...▓T.#
.≈≈≈+#.##.####.▓A.#
.≈≈.#((##......▓@.#
.≈≈.#######+###▓..# ..≈.
+≈⌠...;@▓..# ..≈≈ #≈≈.≈.;D▓..+
≈≈≈. #.;.;.≈.▓###


zzPM #...≈...▓ ###+ ####+###▓ You could see Mennas and a friendly iron troll
(berserk).

Vanquished Creatures
  Mara (D)
  Boris (D)
  Frederick (D)
  A golden dragon (D)
  4 bone dragons (D)
  A quicksilver dragon (D)
  A lich (D)
  A sphinx (D)
  A kraken (D)
  2 shadow dragons (D)
  Gastronok (D)
  Chuck (D)
  A frost giant (D)
  3 azure jellies (D)
  An emperor scorpion (shapeshifter) (D)
  A stone giant (D)
  4 vampire knights (D)
  Snorg (D)
  A minotaur (shapeshifter) (D)
  2 mummy priests (D)
  A fire dragon (D)
  A yaktaur captain (D)
  A hydra (D)
  14 vault guards (D)
  3 centaur warriors (D)
  An alligator snapping turtle (D)
  4 dancing weapons (D)
  An ogre mage (D)
  Urug (D)
  4 death yaks (D)
  2 shock serpents (shapeshifter) (D)
  An orc high priest (D)
  A shadow wraith (D)
  3 skeletal warriors (D)
  An unseen horror (D)
  A spectral hydra (D)
  An orange crystal statue (D)
  3 death drakes (D)
  A spriggan druid (D)
  A swamp dragon (shapeshifter) (D)
  An obsidian statue (D)
  A lindwurm (D)
  A deep elf mage (D)
  4 crystal guardians (D)
  An ugly thing (D)
  2 elephants (shapeshifter) (D)
  A guardian serpent (shapeshifter) (D)
  A molten gargoyle (D)
  2 black mambas (D)
  An elephant (D)
  4 statues (D)
  An eye of devastation (shapeshifter) (D)
  Duvessa (D)
  2 spiny frogs (D)
  A rime drake (D)
  An electric eel (D)
  4 guardian mummies (D)
  A komodo dragon (D)
  4 spriggan defenders (D)
  2 tyrant leeches (D)
  8 blink frogs (D)
  2 hornets (D)
  7 slime creatures (D)
  3 snapping turtles (D)
  A shadow (D)
  2 spriggans (D)
  3 redbacks (D)
  3 wandering mushrooms (D)
  A spatial vortex (D)
  A swamp drake (D)
  An eye of draining (shapeshifter) (D)
  2 centaurs (D)
  A necrophage (D)
  5 swamp dragon skeletons (D)
  An earth elemental (D)
  A water elemental (D)
  16 killer bees (D)
  A jelly (D)
  7 orc priests (D)
  A wizard (D)
  Jessica (D)
  3 necromancers (D)
  A wolf simulacrum (D)
  3 humans (D)
  A kobold demonologist (D)
  A wolf (D)
  2 oozes (D)
  4 orcs (D)
  3 bat zombies (D)
  A rat (D)
  11 ballistomycetes (D)
  A ballistomycete spore (D)
  6 butterflies (D)
  8 plants (D)
225 creatures vanquished.

Vanquished Creatures (collateral kills)
  A golden dragon (D)
  Rupert (D)
  A sphinx (D)
  2 quicksilver dragons (D)
  Dowan (D)
  A fire giant (D)
  An azure jelly (D)
  A vampire knight (D)
  2 dire elephants (D)
  2 vault guards (D)
  2 hydras (D)
  An alligator snapping turtle (D)
  An orc knight (D)
  An elephant (D)
  A queen bee (D)
  A snapping turtle (D)
  An orc warrior (D)
  A fire dragon simulacrum (D)
  2 black mamba simulacra (D)
  16 killer bees (D)
  4 orc priests (D)
  2 orc wizards (D)
  2 orcs (D)
  A ballistomycete (D)
49 creatures vanquished.

Vanquished Creatures (others)
  3 deep elf blademasters (D)
  2 draconian scorchers (D)
  Nessos (D)
  A skeletal warrior (D)
  An anaconda zombie (D)
  6 hellions (D)
  3 yaktaurs (D)
  A hornet (D)
  An electric eel (D)
  5 ball lightnings (D)
  26 ballistomycetes (D)
  11 ballistomycete spores (D)
  A bush (D)
  A fungus (D)
  24 plants (D)
  8 tentacles (D)
95 creatures vanquished.

Grand Total: 369 creatures vanquished

Notes
Turn   | Place    | Note
-------+----------+-------------------------------------------
     0 | D        | dvd the Troll Berserker began the quest for the Orb.
     0 | D        | Reached XP level 1. HP: 22/22 MP: 0/0
    10 | D        | Reached skill level 3 in Maces & Flails
    15 | D        | Reached XP level 2. HP: 16/31 MP: 1/1
    45 | D        | Noticed Jessica
    50 | D        | Reached ** piety under Trog
    52 | D        | Killed Jessica
    52 | D        | Reached skill level 4 in Maces & Flails
    52 | D        | Reached XP level 3. HP: 31/39 MP: 2/2
    74 | D        | Killed a hellion
    75 | D        | Killed a hellion
    94 | D        | Reached *** piety under Trog
    94 | D        | Reached skill level 5 in Maces & Flails
    94 | D        | Reached XP level 4. HP: 49/49 MP: 3/3
   102 | D        | Killed a hellion
   102 | D        | Killed a hellion
   105 | D        | Killed a hellion
   145 | D        | Gained mutation: You heal very quickly. [potion of mutation]
   145 | D        | Gained mutation: You are frail. (-10% HP) [potion of mutation]
   146 | D        | Gained mutation: You evolve. [potion of mutation]
   146 | D        | Gained mutation: You expend magic power (3 MP) to strengthen your wands. [potion of mutation]
   147 | D        | Lost mutation: You evolve. [potion of cure mutation]
   147 | D        | Lost mutation: You are frail. (-10% HP) [potion of cure mutation]
   147 | D        | Lost mutation: You expend magic power (3 MP) to strengthen your wands. [potion of cure mutation]
   147 | D        | Lost mutation: You heal very quickly. [potion of cure mutation]
   155 | D        | Killed a white draconian scorcher
   156 | D        | Killed a hellion
   160 | D        | Killed a white draconian scorcher
   174 | D        | Noticed a water elemental
   178 | D        | Killed a water elemental
   178 | D        | Reached skill level 5 in Fighting
   182 | D        | Killed a yaktaur
   211 | D        | Found a glowing silver altar of Zin.
   211 | D        | Found a glowing golden altar of the Shining One.
   211 | D        | Found a white marble altar of Elyvilon.
   212 | D        | Noticed a deep elf mage
   226 | D        | Killed a deep elf mage
   226 | D        | Reached skill level 9 in Maces & Flails
   226 | D        | Reached XP level 5. HP: 23/62 MP: 4/4
   226 | D        | Reached XP level 6. HP: 26/71 MP: 5/5
   226 | D        | Reached XP level 7. HP: 29/78 MP: 6/6
   312 | D        | Found a radiant altar of Vehumet.
   317 | D        | Reached **** piety under Trog
   318 | D        | Found a deep blue altar of Sif Muna.
   318 | D        | Found an ancient bone altar of Kikubaaqudgha.
   349 | D        | Found a hide-covered altar of Uskayaw.
   349 | D        | Found a roughly hewn altar of Beogh.
   349 | D        | Found an iron altar of Okawaru.
   349 | D        | Found a bloodstained altar of Trog.
   349 | D        | Noticed a human
   349 | D        | Noticed a human
   362 | D        | Killed a human
   362 | D        | Reached skill level 1 in Long Blades
   367 | D        | HP: 3/120 [human (9)]
   379 | D        | Killed a human
   379 | D        | Reached skill level 10 in Maces & Flails
   428 | D        | Found a basalt altar of Yredelemnul.
   428 | D        | Found a shadowy altar of Dithmenos.
   428 | D        | Found a sacrificial altar of Ru.
   445 | D        | Reached ***** piety under Trog
   536 | D        | Noticed a shadow
   539 | D        | Killed a shadow
   539 | D        | Received a gift from Trog
   539 | D        | Reached XP level 8. HP: 88/88 MP: 7/7
   579 | D        | Found a blossoming altar of Fedhas.
   579 | D        | Found a stormy altar of Qazlal.
   579 | D        | Found a snail-covered altar of Cheibriados.
   579 | D        | Found a burning altar of Makhleb.
   579 | D        | Found a shimmering altar of Xom.
   580 | D        | Found a hazy altar of Hepliaklqana.
   580 | D        | Found an opulent altar of Gozag.
   580 | D        | Found a sparkling altar of Nemelex Xobeh.
   580 | D        | Found a corrupted altar of Lugonu.
   580 | D        | Found a viscous altar of Jiyva.
   606 | D        | Noticed Snorg
   620 | D        | Killed Snorg
   620 | D        | Reached skill level 11 in Maces & Flails
   620 | D        | Reached skill level 1 in Stealth
   620 | D        | Reached XP level 9. HP: 99/99 MP: 8/8
   666 | D        | Noticed an orc knight
   670 | D        | Noticed an orc high priest
   680 | D        | Killed an orc knight
   703 | D        | Received a gift from Trog
   707 | D        | Noticed a soul eater
   710 | D        | Killed an orc high priest
   721 | D        | Found Ogistom's Antique Weapon Emporium.
   847 | D        | Reached ****** piety under Trog
   852 | D        | Noticed a centaur warrior
   861 | D        | Reached skill level 10 in Fighting
   870 | D        | Killed a centaur warrior
   870 | D        | Reached skill level 12 in Maces & Flails
   870 | D        | Reached skill level 1 in Armour
  1000 | D        | Killed an unseen horror
  1000 | D        | Received a gift from Trog
  1000 | D        | Reached skill level 13 in Maces & Flails
  1000 | D        | Reached skill level 10 in Dodging
  1000 | D        | Reached XP level 10. HP: 79/110 MP: 9/9
  1092 | D        | Noticed a spiny frog
  1092 | D        | Noticed a spiny frog
  1100 | D        | Killed a spiny frog
  1103 | D        | Killed a spiny frog
  1144 | D        | Received a gift from Trog
  1241 | D        | Reached skill level 14 in Maces & Flails
  1266 | D        | Received a gift from Trog
  1353 | D        | Noticed Rupert
  1386 | D        | Killed Rupert
  1386 | D        | Reached skill level 1 in Throwing
  1386 | D        | Reached XP level 11. HP: 23/120 MP: 3/10
  1480 | D        | Noticed a death yak
  1481 | D        | Noticed a death yak
  1482 | D        | Noticed a death yak
  1484 | D        | Noticed a death yak
  1489 | D        | Killed a death yak
  1489 | D        | Reached skill level 15 in Maces & Flails
  1495 | D        | Killed a death yak
  1495 | D        | Reached skill level 1 in Axes
  1501 | D        | Killed a death yak
  1501 | D        | Reached skill level 1 in Bows
  1501 | D        | Reached skill level 5 in Armour
  1557 | D        | Noticed an azure jelly
  1557 | D        | Noticed an azure jelly
  1558 | D        | Noticed an azure jelly
  1558 | D        | Noticed an azure jelly
  1572 | D        | Killed a death yak
  1572 | D        | Received a gift from Trog
  1718 | D        | Received a gift from Trog
  1741 | D        | Reached skill level 16 in Maces & Flails
  1767 | D        | Noticed a lindwurm
  1770 | D        | Killed a lindwurm
  1772 | D        | Received a gift from Trog
  1785 | D        | Noticed Urug
  1794 | D        | Killed Urug
  1887 | D        | Noticed a dire elephant
  1887 | D        | Noticed a dire elephant
  1887 | D        | Noticed Gastronok
  1889 | D        | Killed a dire elephant
  1891 | D        | Killed a dire elephant
  1902 | D        | Killed Gastronok
  1902 | D        | Received a gift from Trog
  1902 | D        | Reached skill level 17 in Maces & Flails
  1902 | D        | Reached XP level 12. HP: 136/136 MP: 3/11
  2006 | D        | Received a gift from Trog
  2028 | D        | Received a gift from Trog
  2045 | D        | Received a gift from Trog
  2049 | D        | Received a gift from Trog
  2056 | D        | Received a gift from Trog
  2203 | D        | Noticed Dowan
  2203 | D        | Noticed Duvessa
  2208 | D        | Killed Dowan
  2217 | D        | Killed Duvessa
  2246 | D        | Received a gift from Trog
  2250 | D        | Received a gift from Trog
  2340 | D        | Noticed an eight-headed hydra
  2340 | D        | Noticed a five-headed hydra
  2349 | D        | Killed an eight-headed hydra
  2351 | D        | Killed a five-headed hydra
  2460 | D        | Found a blossoming altar of Fedhas.
  2468 | D        | Received a gift from Trog
  2479 | D        | Got a scorched giant club {god gift}
  2480 | D        | Identified the +8 giant club of Sloth {crush, +Inv rElec Dex-4 Stlth+} (Trog gifted it to you in the Dungeon)
  2597 | D        | Reached skill level 18 in Maces & Flails
  2611 | D        | Found Seeh's Food Shoppe.
  2611 | D        | Found Hasuvuic's Antique Armour Boutique.
  2641 | D        | Found Cuitzedy's Gadget Emporium.
  2711 | D        | Noticed a seven-headed hydra
  2721 | D        | Killed a seven-headed hydra
  2721 | D        | Reached skill level 10 in Long Blades
  2722 | D        | Received a gift from Trog
  2727 | D        | Got a decaying rune of Zot
  3004 | D        | Noticed a kraken
  3094 | D        | Killed a kraken
  3177 | D        | Noticed an alligator snapping turtle
  3190 | D        | Received a gift from Trog
  3197 | D        | Killed an alligator snapping turtle
  3199 | D        | Got a pitted giant spiked club {god gift}
  3200 | D        | Identified the +9 giant spiked club of Hatred {speed, Int+3 Stlth+} (Trog gifted it to you in the Dungeon)
  3241 | D        | Noticed an alligator snapping turtle
  3242 | D        | Found Faor's Antique Weapon Boutique.
  3242 | D        | Found Unulumu's Gadget Shop.
  3242 | D        | Found Baever Zamo's Food Emporium.
  3263 | D        | Killed an alligator snapping turtle
  3287 | D        | Reached XP level 13. HP: 125/143 MP: 12/12
  3289 | D        | Got a barnacled rune of Zot
  3293 | D        | Bought a wand of hasting (3/9) for 462 gold pieces
  3348 | D        | Received a gift from Trog
  3375 | D        | HP: 3/146 [something (14)]
  3628 | D        | Received a gift from Trog
  3628 | D        | Reached skill level 19 in Maces & Flails
  3646 | D        | Received a gift from Trog
  3664 | D        | Gained mutation: You are weak. (Str -2) [mutagenic meat]
  3665 | D        | Gained mutation: You expend magic power (3 MP) to strengthen your wands. [mutagenic meat]
  3666 | D        | Lost mutation: You are weak. (Str -2) [mutagenic meat]
  3667 | D        | Gained mutation: You are somewhat resistant to further mutation. [mutagenic meat]
  3667 | D        | Noticed a fire dragon
  3674 | D        | Killed a fire dragon
  3725 | D        | Reached skill level 15 in Fighting
  3738 | D        | Got a smoking giant club
  3738 | D        | Got a twisted giant spiked club
  3739 | D        | Identified the +8 giant club "Mud Pie of Death" {drain, *Rage rPois rN+ MR+} (You found it in the Dungeon)
  3768 | D        | Identified the +3 giant spiked club of Coash {crush, *Drain rPois rC+ Stlth+} (You found it in the Dungeon)
  3819 | D        | Found Zoplil's Magic Scroll Shop.
  3819 | D        | Found Saebbur's Assorted Antiques.
  3819 | D        | Found Upluh's Jewellery Emporium.
  3819 | D        | Found Foepaqur's Book Boutique.
  3819 | D        | Found Betud's Magic Scroll Emporium.
  3819 | D        | Found Dioheo's Gadget Shop.
  3819 | D        | Found Oceczeph's Antique Armour Boutique.
  3819 | D        | Found Fufos's Antique Weapon Shoppe.
  3819 | D        | Found Haotefy's Weapon Emporium.
  3819 | D        | Found Jugiegou's Food Shop.
  3819 | D        | Found Coniti's Armour Boutique.
  3819 | D        | Found Herem's Distillery.
  3859 | D        | Bought the +4 mottled dragon scales "Santueh" {rF+ MR++ Slay+3} for 1235 gold pieces
  3882 | D        | Bought a potion of resistance for 140 gold pieces
  3882 | D        | Bought a potion of haste for 140 gold pieces
  3882 | D        | Bought a potion of heal wounds for 70 gold pieces
  3882 | D        | Bought a potion of mutation for 35 gold pieces
  3889 | D        | Bought a scroll of enchant armour for 82 gold pieces
  3889 | D        | Bought a scroll of recharging for 104 gold pieces
  3899 | D        | Bought a shiny silver ring for 110 gold pieces
  3906 | D        | Bought a potion of haste for 220 gold pieces
  3906 | D        | Bought a potion of heal wounds for 110 gold pieces
  3917 | D        | Bought a +5 ring of dexterity for 576 gold pieces
  3926 | D        | Received a gift from Trog
  4012 | D        | Received a gift from Trog
  4029 | D        | Got a smoking dire flail {god gift}
  4058 | D        | Noticed Mara
  4059 | D        | Noticed a vampire knight
  4059 | D        | Noticed a vampire knight
  4062 | D        | Noticed dvd's illusion
  4062 | D        | Reached skill level 20 in Maces & Flails
  4094 | D        | Killed a vampire knight
  4107 | D        | Noticed dvd's illusion
  4123 | D        | Killed Mara
  4123 | D        | Reached skill level 5 in Throwing
  4129 | D        | Killed a vampire knight
  4129 | D        | Received a gift from Trog
  4216 | D        | Reached skill level 21 in Maces & Flails
  4271 | D        | Noticed a mummy priest
  4286 | D        | Noticed Nikola
  4286 | D        | Noticed a storm dragon
  4444 | D        | Killed an azure jelly
  4444 | D        | Reached XP level 14. HP: 163/163 MP: 13/13
  4450 | D        | Killed an azure jelly
  4456 | D        | Killed an azure jelly
  4456 | D        | Received a gift from Trog
  4457 | D        | Got a warped giant club {god gift}
  4460 | D        | Killed an azure jelly
  4564 | D        | Lost intelligence.
  4588 | D        | Identified the +5 giant club of Gamong {flame, Str+2} (Trog gifted it to you in the Dungeon)
  4589 | D        | Identified the +5 dire flail of a labyrinth {crush, Stlth+} (Trog gifted it to you in the Dungeon)
  4646 | D        | Lost intelligence.
  4710 | D        | Gained mutation: Your flesh is heat resistant. (rF+) [potion of mutation]
  4804 | D        | Received a gift from Trog
  4892 | D        | Noticed a bone dragon
  4903 | D        | Killed a bone dragon
  4903 | D        | Reached skill level 22 in Maces & Flails
  4964 | D        | Noticed a bone dragon
  4978 | D        | Killed a bone dragon
  5022 | D        | Received a gift from Trog
  5023 | D        | Got a jewelled flail {god gift}
  5050 | D        | Noticed a vampire knight
  5052 | D        | Killed a vampire knight
  5052 | D        | Received a gift from Trog
  5078 | D        | Received a gift from Trog
  5090 | D        | Noticed a vampire knight
  5094 | D        | Killed a vampire knight
  5094 | D        | Received a gift from Trog
  5102 | D        | Noticed a bone dragon
  5111 | D        | Killed a bone dragon
  5111 | D        | Reached skill level 5 in Stealth
  5166 | D        | Reached skill level 23 in Maces & Flails
  5169 | D        | Noticed a bone dragon
  5176 | D        | Killed a bone dragon
  5185 | D        | Received a gift from Trog
  5198 | D        | Noticed a vampire knight
  5203 | D        | Killed a vampire knight
  5220 | D        | Noticed a sphinx
  5220 | D        | Noticed a sphinx
  5254 | D        | Killed a sphinx
  5258 | D        | Killed a sphinx
  5258 | D        | Received a gift from Trog
  5322 | D        | Noticed Chuck
  5334 | D        | Reached XP level 15. HP: 78/176 MP: 14/14
  5473 | D        | Killed Chuck
  5473 | D        | Received a gift from Trog
  5500 | D        | Noticed Frederick
  5507 | D        | Received a gift from Trog
  5541 | D        | Killed Frederick
  5541 | D        | Reached skill level 24 in Maces & Flails
  5677 | D        | Noticed a lich
  5680 | D        | Killed a lich
  5680 | D        | Received a gift from Trog
  5713 | D        | Noticed a shadow dragon
  5713 | D        | Noticed a shadow dragon
  5738 | D        | Received a gift from Trog
  5748 | D        | Killed a shadow dragon
  5753 | D        | Killed a shadow dragon
  5865 | D        | Noticed a golden dragon
  5865 | D        | Noticed a quicksilver dragon
  5865 | D        | Noticed a fire giant
  5865 | D        | Noticed a quicksilver dragon
  5865 | D        | Noticed a quicksilver dragon
  5865 | D        | Noticed a golden dragon
  5865 | D        | Noticed a frost giant
  5872 | D        | Received a gift from Trog
  5907 | D        | Killed a golden dragon
  5907 | D        | Reached skill level 25 in Maces & Flails
  5916 | D        | Received a gift from Trog
  5919 | D        | Killed a quicksilver dragon
  5926 | D        | Killed a golden dragon
  5926 | D        | Reached skill level 10 in Throwing
  5928 | D        | Killed a quicksilver dragon
  5932 | D        | Killed a fire giant
  5938 | D        | Killed a quicksilver dragon
  5938 | D        | Received a gift from Trog
  5938 | D        | Reached skill level 1 in Evocations
  6102 | D        | Killed Nessos
  6126 | D        | Killed a frost giant
  6180 | D        | Received a gift from Trog
  6184 | D        | Got a pitted giant club {god gift}
  6185 | D        | Identified the +7 giant club of Anguish {elec, rElec} (Trog gifted it to you in the Dungeon)
  6208 | D        | Killed a deep elf blademaster
  6254 | D        | Killed a deep elf blademaster
  6304 | D        | Reached XP level 16. HP: 193/193 MP: 16/16
  6321 | D        | Got an encrusted broad axe {antimagic}
  6322 | D        | Identified the +6 broad axe "Xielliqo" {antimagic, rF+ MR+} (You took it off a skeletal warrior in the Dungeon)
  6373 | D        | Received a gift from Trog
  6373 | D        | Received a gift from Trog
  6373 | D        | Received a gift from Trog
  6401 | D        | Received a gift from Trog
  6409 | D        | Got a silver rune of Zot
  6436 | D        | Killed a deep elf blademaster
  6506 | D        | Reached skill level 10 in Armour
  6522 | D        | Identified the +1 flail "Grim" {vamp, rN+} (Trog gifted it to you in the Dungeon)
  6571 | D        | Received a gift from Trog
  6599 | D        | Noticed Boris
  6601 | D        | Noticed Mennas
  6608 | D        | Killed Boris
  6608 | D        | Received a gift from Trog
  6608 | D        | Reached skill level 26 in Maces & Flails
  6608 | D        | Reached skill level 15 in Dodging
  6732 | D        | HP: 6/292 [Mennas/sacred scourge of holy wrath (21)]
  6734 | D        | Demolished by Mennas

Skill      XL: |  1  2  3  4  5  6  7  8  9 10 11 12 13 14 15 16 |
---------------+-------------------------------------------------+-----
Maces & Flails | 3 4 5 9 10 11 13 14 17 18 21 23 25 26 | 26.0
Fighting       | 3 4 7 8 9 10 11 13 14 16 17 20 | 20.6
Dodging        | 3 4 7 8 9 10 11 12 13 14 15 | 15.0
Long Blades    | 3 6 7 10 | 10.2
Stealth        | 1 2 3 4 6 7 |  7.4
Armour         | 2 4 5 6 7 9 10 | 10.0
Throwing       | 1 3 4 5 6 11 | 11.7
Axes           | 1 |  1.6
Bows           | 2 |  2.7
Evocations     | 1 |  1.6

Action                   |  1- 3 |  4- 6 |  7- 9 | 10-12 | 13-15 | 16-18 || total
-------------------------+-------+-------+-------+-------+-------+-------++-------
Melee: Mace              |    28 |    13 |       |       |       |       ||    41
       Long sword        |       |       |    52 |       |       |       ||    52
       Great mace        |       |       |    61 |   119 |       |       ||   180
       Battleaxe         |       |       |       |     2 |       |       ||     2
       Giant club        |       |       |       |    78 |    13 |    61 ||   152
       Demon blade       |       |       |       |    38 |       |       ||    38
       Giant spiked club |       |       |       |    29 |   390 |     2 ||   421
 Fire: Shortbow          |       |       |       |     9 |       |       ||     9
Throw: Tomahawk          |       |       |       |    12 |     7 |       ||    19
       Javelin           |       |       |       |     2 |    14 |       ||    16
       Large rock        |       |       |       |       |    29 |     4 ||    33
Invok: Berserk           |     1 |     2 |     5 |    10 |     7 |     2 ||    27
       Trog's Hand       |       |       |     2 |     4 |     8 |     1 ||    15
       Brothers in Arms  |       |       |     2 |    10 |     9 |     4 ||    25
       Burn Spellbooks   |       |       |     1 |       |     2 |     2 ||     5
Evoke: Wand              |       |       |       |     1 |     3 |     3 ||     7
       Sack of spiders   |       |       |       |       |       |     1 ||     1
  Use: Potion            |       |     4 |     2 |     4 |    14 |     1 ||    25
       Scroll            |       |       |       |     4 |     5 |       ||     9
 Stab: Sleeping          |       |       |       |     2 |     9 |       ||    11
       Distracted        |       |       |       |     1 |     2 |       ||     3
  Eat: Chunk             |     3 |     1 |    20 |    34 |    34 |     1 ||    93
       Royal jelly       |       |       |       |       |     5 |       ||     5
       Bread ration      |       |       |       |       |     1 |       ||     1
       Fruit             |       |       |       |       |     1 |     1 ||     2
Armor: Animal skin       |     4 |     1 |    14 |       |       |       ||    19
       Troll leather arm |       |       |    30 |    41 |     5 |       ||    76
       Mottled dragon sc |       |       |       |       |    96 |    11 ||   107
       Skin              |       |       |       |       |     2 |       ||     2
Dodge: Dodged            |    14 |     7 |    87 |   171 |   172 |    22 ||   473
Block: Other             |       |       |       |       |    58 |    11 ||    69
       Reflection        |       |       |       |       |       |     1 ||     1
       Rpst.: Long sword |       |       |    11 |       |       |       ||    11
       Demon blade       |       |       |       |    16 |       |       ||    16
